Map: Ulrena

Players

RedRascal

  • Race: Zerg Zerg
  • League: Gold
  • Spawn Location: 7:00

zidar - Winner!

  • Race: Zerg Zerg
  • League: Gold
  • Spawn Location: 11:00

VOD

Have the link to the VOD?

Description

Time

  • Played on: May 25, 2016, 3:04 p.m.
  • Length: 5:58
Show
View Real Time Build Order
Export as new Build Order

RedRascal Zerg 

Build Orders: Hatch First 

Get SALT Encoding   

  12  0:01  Drone  
  13  0:09  Drone  
  14  0:36  Hatchery  
  14  0:41  Drone  
  14  0:56  Spawning Pool  
  13  1:02  Overlord  
  13  1:07  Drone  
  14  1:21  Drone x2  
  16  1:31  Drone  
  17  1:42  Queen  
  17  1:44  Zergling x2  
  20  1:47  Zergling x2  
  20  1:48  Queen  
  20  1:52  Zergling x2  
  24  2:01  Overlord  
  24  2:03  Drone  
  25  2:12  Extractor  
  24  2:19  Extractor  
  24  2:21  Roach Warren  
  22  2:36  Drone  
  22  2:37  Overlord, Drone x3  
  24  3:11  Roach  
  25  3:13  Roach  
  25  3:15  Zergling x6  
  25  3:16  Zergling x2  
  31  3:45  Drone x6  
  37  3:49  Overlord x2  
  37  4:00  Overlord  
  37  4:04  Lair  
  37  4:12  Evolution Chamber  
  37  4:16  Evolution Chamber  
  35  4:18  Spore Crawler  
  35  4:23  Spore Crawler  
  32  4:27  Zergling x2  
  29  4:36  Roach  
  29  4:38  Roach  
  33  4:55  Drone x5  
  38  5:03  Zergling x2  
  38  5:04  Zergling x2  
  35  5:14  Zergling x6  
  35  5:22  Zergling x2  
  31  5:30  Zergling x4  
Show
View Real Time Build Order
Export as new Build Order

zidar Zerg - Winner!

Build Orders: Pool First 

Get SALT Encoding   

  12  0:02  Drone  
  13  0:12  Overlord  
  13  0:17  Drone  
  14  0:30  Drone x2  
  14  0:34  Drone  
  17  0:47  Drone  
  18  0:50  Spawning Pool  
  17  1:12  Hatchery  
  17  1:13  Drone  
  17  1:16  Extractor  
  16  1:21  Drone  
  16  1:22  Drone  
  19  1:32  Drone  
  19  1:37  Queen  
  21  1:43  Overlord  
  21  1:49  Drone  
  22  2:10  Spine Crawler  
  22  2:12  Zergling x4  
  23  2:20  Queen  
  25  2:24  Metabolic Boost  
  25  2:31  Zergling x4  
  24  3:00  Zergling x16  
  31  3:35  Roach Warren  
  31  3:39  Overlord  
  30  4:06  Spine Crawler  
  22  4:31  Zergling x18  
  22  4:32  Zergling x12  
  22  4:36  Overlord x2  
  22  4:37  Overlord  
  36  4:47  Extractor  
  29  5:38  Zergling x22  
  29  5:39  Zergling x4  
Tags
 
League
GoldGold
Matchup
ZvZ
Race
Zerg
Spawn Locations
Close Positions
Add a new tag
Caveats
  • Supply blocks, unpowered buildings, or Contaminate may cause inaccurate times.
  • Supply counts are checked every 10 seconds.